 Dungeon Crawl Stone Soup version 0.26.1-10-gdfb7c7de75 (webtiles) character file.

Game seed: 7141027444223369858

159 sankara the Chopper (level 5, 47/47 HPs)
             Began as a Hill Orc Fighter on Apr 7, 2021.
             Was a Follower of Beogh.
             Got out of the dungeon alive.
             The game lasted 00:05:21 (3066 turns).

sankara the Chopper (Hill Orc Fighter)              Turns: 3066, Time: 00:05:21

Health: 47/47      AC: 10    Str: 19    XL:     5   Next: 40%
Magic:  5/5        EV:  5    Int:  8    God:    Beogh [*.....]
Gold:   66         SH:  9    Dex: 11    Spells: 4/4 levels left

rFire    . . .     SeeInvis .   a - +0 war axe
rCold    . . .     Faith    .   c - +0 kite shield
rNeg     . . .     Spirit   .   e - +0 chain mail
rPois    .         Reflect  .   (no helmet)
rElec    .         Harm     .   (no cloak)
rCorr    .         Rampage  .   q - +0 pair of gloves
Will     .....                  (no boots)
Stlth    ..........             (no amulet)
HPRegen  0.15/turn              (no ring)
MPRegen  0.09/turn              (no ring)

@: no status effects
A: no striking features
a: Renounce Religion


You escaped.
You worshipped Beogh.
Beogh was aware of your devotion.
You visited 1 branch of the dungeon, and saw 3 of its levels.

You collected 66 gold pieces.

Inventory:

Hand Weapons
 a - a +0 war axe (weapon)
 r - a +0 hunting sling
Missiles
 h - 4 silver boomerangs
 k - 33 stones (quivered)
 p - 8 poisoned darts
Armour
 c - a +0 kite shield (worn)
 e - a +0 chain mail (worn)
 q - a +0 pair of gloves (worn)
Jewellery
 o - an uncursed ring of ice {unknown}
Wands
 t - a wand of polymorph (8)
Scrolls
 b - 2 scrolls of fog {unknown}
 f - 3 scrolls of identify {unknown}
 g - 2 scrolls of enchant weapon {unknown}
 i - a scroll of enchant armour {unknown}
 j - 4 scrolls of teleportation {unknown}
 n - 2 scrolls of fear {unknown}
Potions
 d - a potion of might
 l - a potion of degeneration {unknown}
 m - a potion of heal wounds {unknown}
 s - a potion of magic {unknown}


   Skills:
 + Level 4.5 Fighting
 * Level 5.0 Axes
 + Level 4.1 Armour
 + Level 4.1 Shields


You had 4 spell levels left.
You didn't know any spells.
Your spell library contained the following spells:

 Spells                   Type           Power        Failure   Level
 Corpse Rot               Necr/Air       N/A          100%        2
 Stone Arrow              Conj/Erth      0%           100%        3
 Summon Forest            Summ/Tloc      0%           100%        5
 Eringya's Noxious Bog    Tmut/Pois      0%           100%        6
 Hydra Form               Tmut           0%           100%        6
 Summon Hydra             Summ           0%           100%        7


Dungeon Overview and Level Annotations

Branches:
Dungeon (3/15)

Altars:
Sif Muna
Beogh

Annotations:
D:3 2 transporters


Message History

There are monsters nearby!
No reachable target in view!
There are monsters nearby!
No reachable target in view!
There are monsters nearby!
No reachable target in view!
There are monsters nearby!
No reachable target in view!
There are monsters nearby!
No reachable target in view!
There are monsters nearby!
There is an escape hatch in the ceiling here.
A mysterious force pulls you upwards. The hatch slams shut behind you.
There is an open door here.
There is a stone staircase leading up here.
You climb upwards.
There is a stone staircase leading down here.
There is a staircase leading out of the dungeon here.
Are you sure you want to leave the Dungeon?
This will make you lose the game!
You have escaped!

..............###.#...###.#
....##.####.............#.#
....##.# ##......#......#.#
....##.###......###.....#.#
##...............#........#
##.####.##................#
...##...##...#...#>..#...##
#####.###...###.###.###..#
........#.#..#..@#...#...########
#....####.#..............#....[..
#................#...............
##...#####......###........####..
.....#....#......#.........####..
..#..#.##.#......................
#....#.##.######...##..###...#...
#......##..........#.............
#..###...####..................#.


There were no monsters in sight!

Vanquished Creatures
  A gnoll (D:1)
  5 adders
  An ooze (D:2)
  A worm (D:3)
  2 dart slugs (D:3)
  2 leopard geckos
  An orc (D:3)
  A ball python (D:1)
  4 giant cockroaches
  14 goblins
  14 hobgoblins
  4 jackals (D:1)
  15 bats
  3 frilled lizards
  8 kobolds
  7 rats
83 creatures vanquished.

Notes
Turn   | Place    | Note
-------+----------+-------------------------------------------
     0 | D:1      | sankara the Hill Orc Fighter began the quest for the Orb.
     0 | D:1      | Reached XP level 1. HP: 19/19 MP: 1/1
   172 | D:1      | Reached skill level 3 in Axes
   172 | D:1      | Reached XP level 2. HP: 27/27 MP: 2/2
   270 | D:1      | Reached XP level 3. HP: 33/33 MP: 3/3
   922 | D:2      | Reached skill level 4 in Axes
  1133 | D:2      | Reached XP level 4. HP: 39/40 MP: 4/4
  1971 | D:3      | Found a faded altar of an unknown god.
  2074 | D:3      | Reached XP level 5. HP: 47/47 MP: 5/5
  2221 | D:3      | Became a worshipper of Beogh the Brigand
  2221 | D:3      | Reached * piety under Beogh
  2404 | D:3      | Found a shimmering blue altar of Sif Muna.
  2606 | D:3      | Found a transporter.
  2621 | D:3      | Reached skill level 5 in Axes
  2845 | D:3      | Found a transporter.
  3066 | D:$      | Got out of the dungeon alive.

Illustrated notes

Levels and vault maps discovered:
D:1:      minmay_arrival_five_plusses, layout_basic, minmay_octomino_j4
D:2:      layout_basic, serial_bayou_crossing
D:3:      gammafunk_wand_slinger, layout_basic,
          chequers_ecumenical_altar_simple, st_stairs_7, led_sif_book

Skill      XL: |  1  2  3  4  5 |
---------------+----------------+-----
Axes           | 3 4 5 |  5.0
Fighting       | 4 |  4.5
Armour         | 4 |  4.1
Shields        | 4 |  4.1

Action                   |  1- 3 |  4- 6 || total
-------------------------+-------+-------++-------
Melee: War axe           |   103 |   147 ||   250
Throw: Stone             |       |    14 ||    14
Armor: Scale mail        |    10 |       ||    10
       Chain mail        |    54 |    95 ||   149
Dodge: Dodged            |    22 |    44 ||    66
Block: Kite shield       |    51 |    94 ||   145
